 Dungeon Crawl Stone Soup version 0.20.0-8-g6b59dc7 (webtiles) character file.

2363 MTVSty1e the Grappler (level 9, -4/78 HPs)
             Began as a Pale Draconian Transmuter on June 2, 2017.
             Was an Initiate of Gozag.
             Shot with an arrow by a centaur (5 damage)
             ... on level 7 of the Dungeon.
             The game lasted 00:18:39 (7251 turns).

MTVSty1e the Grappler (Pale Draconian Transmuter)   Turns: 7251, Time: 00:18:40

Health: -4/78      AC: 10    Str: 22    XL:     9   Next: 21%
Magic:  12/12      EV: 14    Int: 13    God:    Gozag
Gold:   779        SH:  0    Dex: 13    Spells: 3/12 levels left

rFire    . . .     SeeInvis .   g - +12 rapier "Esemm" {distort, *Drain Fragile rElec Str+7}
rCold    + . .     Gourm    .   (no shield)
rNeg     . . .     Faith    .   (armour unavailable)
rPois    .         Spirit   .   (helmet restricted)
rElec    +         Reflect  .   e - +0 cloak
rCorr    +         Harm     .   y - +0 pair of gloves
MR       .....                  j - +0 pair of boots
Stlth    +.........             (no amulet)
Regen    0.3/turn               u - ring of protection from cold
MPRegen  0.2/turn               l - ring of resist corrosion

@: very slightly contaminated
A: breathe steam, unfitting armour, cold-blooded, AC +7
a: Breathe Steam, Potion Petition, Call Merchant, Bribe Branch, Renounce
Religion


You were on level 7 of the Dungeon.
You worshipped Gozag.
Gozag was pleased with you.
You were not hungry.

You visited 1 branch of the dungeon, and saw 7 of its levels.

You collected 794 gold pieces.
You paid 15 gold pieces to Gozag.

Inventory:

Hand Weapons
 g - the +12 rapier "Esemm" (weapon) {distort, *Drain Fragile rElec Str+7}
   (You took it off an orc on level 4 of the Dungeon)

   It warps and distorts space around it.
   Unwielding it can cause banishment or high damage.
   It affects your strength (+7).
   It insulates you from electricity.
   It causes draining when unequipped.
   It will be destroyed if unequipped.
Missiles
 a - 148 arrows
Armour
 e - a +0 cloak (worn)
 j - a +0 pair of boots (worn)
 y - a +0 pair of gloves (worn)
Jewellery
 l - a ring of resist corrosion (right hand)
 u - a ring of protection from cold (left hand)
Wands
 d - a wand of confusion (27/48)
 t - a wand of acid (10/15)
 w - a wand of flame (23/48)
Scrolls
 f - 4 scrolls of teleportation
 h - 4 scrolls of remove curse
 s - 2 scrolls of identify
 x - a scroll of fear {unknown}
Potions
 c - 2 potions of cancellation
 i - a potion of mutation {unknown}
 k - a potion of heal wounds {unknown}
 n - 4 potions of might {unknown}
 o - a potion of agility {unknown}
 q - 2 potions of haste
 r - a potion of magic {unknown}
 z - a potion of lignification {unknown}
 A - a potion of berserk rage {unknown}
Books
 b - a book of Changes

   Spells                             Type                      Level
   a - Beastly Appendage              Transmutation                1
   b - Sticks to Snakes               Transmutation                2
   c - Spider Form                    Transmutation/Poison         3
   d - Ice Form                       Ice/Transmutation            4
   e - Blade Hands                    Transmutation                5
 p - a book of Misfortune

   Spells                             Type                      Level
   a - Confusing Touch                Hexes                        1
   b - Confuse                        Hexes                        3
   c - Gell's Gravitas                Translocation                3
   d - Petrify                        Transmutation/Earth          4
   e - Metabolic Englaciation         Hexes/Ice                    5
   f - Yara's Violent Unravelling     Hexes/Transmutation          5
 v - a book of Maledictions

   Spells                             Type                      Level
   a - Corona                         Hexes                        1
   b - Ensorcelled Hibernation        Hexes/Ice                    2
   c - Confuse                        Hexes                        3
   d - Tukima's Dance                 Hexes                        3
   e - Dazzling Spray                 Conjuration/Hexes            3


   Skills:
 + Level 6.4 Fighting
 + Level 3.4 Short Blades
 + Level 4.5 Dodging
 + Level 8.1 Unarmed Combat
 - Level 2.0 Spellcasting
 * Level 5.4 Transmutations


You had 3 spell levels left.
You knew the following spells:

 Your Spells              Type           Power        Failure   Level  Hunger
a - Beastly Appendage     Tmut           ###...       2%          1    ##.....
b - Spider Form           Tmut/Pois      #.........   26%         3    ####...
c - Blade Hands           Tmut           ###.......   58%         5    ######.


Dungeon Overview and Level Annotations

Branches:
Dungeon (7/15)
 Temple: D:4-7

Altars:
Elyvilon
Gozag
Nemelex Xobeh
Qazlal
Uskayaw
Xom
The Shining One

Shops:
D:4 %   D:7 }


Innate Abilities, Weirdness & Mutations

You can breathe blasts of scalding, opaque steam.
Your pale cyan-grey scales are hard. (AC +7)
You cannot fit into any form of body armour.
You are cold-blooded and may be slowed by cold attacks.


Message History

Blink to where?
Press: ? - help, Dir - move target cursor You are very lightly contaminated with residual magic.
As you read the scroll of blinking, it crumbles to dust.
Your surroundings suddenly seem different.
The centaur shouts!
The centaur shoots an arrow.
The arrow barely misses you.
You see here an arrow.
The centaur shoots an arrow.
The arrow closely misses you.
Found a stone staircase leading down.
The centaur shoots an arrow.
The arrow hits you!
* * * LOW HITPOINT WARNING * * *
You see here an arrow.
The centaur shoots an arrow.
The arrow closely misses you.
You see here an arrow.
The centaur shoots an arrow.
The arrow hits you.
* * * LOW HITPOINT WARNING * * *
The centaur shoots an arrow.
The arrow hits you.
You die...
Your body crumbles into a pile of gold.

..####$########
#.#...#
......$$$..(..#
#.#...#
......).......# .
#.+...#
.c.$(....c....###
.. ###...'
..)............)#
... #...#
..#######.....g(#
... #...# o.
#.$....(# ..
#...# ..
#.......##∩#####
##### o.
#.......@.......
## ..$
#....$..........
#. ..
#...............
#. ..
#.........>.....
#.
#...............
#.
#...............
##
###.............
#.......###### $


You could see a centaur and a gnoll.

Vanquished Creatures
  A troll (D:7)
  2 hippogriffs
  4 sky beasts
  An ice beast (D:7)
  An orc warrior (D:7)
  3 centaurs
  A bullfrog (D:7)
  2 howler monkeys (D:4)
  A bullfrog zombie (D:7)
  A jelly (D:6)
  2 hounds
  3 orc priests
  A bullfrog skeleton (D:7)
  A gnoll shaman (D:5)
  4 orc wizards
  A centaur skeleton (D:4)
  5 worker ants
  A hound zombie (D:5)
  6 adders
  8 gnolls
  A shadow imp (D:7)
  An ooze (D:3)
  2 adder skeletons (D:4)
  An adder zombie (D:5)
  A worm (D:3)
  3 leopard geckos
  25 orcs
  8 bats
  8 giant cockroaches
  14 goblins
  7 hobgoblins
  12 jackals
  3 quokkas
  3 ball pythons
  3 frilled lizards
  A jackal skeleton (D:6)
  5 kobolds
  2 leopard gecko skeletons
  8 rats
157 creatures vanquished.

Vanquished Creatures (others)
  A worker ant (D:5)
  A gnoll (D:7)
2 creatures vanquished.

Grand Total: 159 creatures vanquished

Notes
Turn   | Place    | Note
-------+----------+-------------------------------------------
     0 | D:1      | MTVSty1e the Draconian Transmuter began the quest for the Orb.
     0 | D:1      | Reached XP level 1. HP: 16/16 MP: 3/3
   307 | D:1      | Reached XP level 2. HP: 22/24 MP: 1/5
  1691 | D:2      | Reached XP level 3. HP: 30/30 MP: 4/6
  1849 | D:2      | Learned a level 3 spell: Spider Form
  2000 | D:2      | Reached skill level 4 in Unarmed Combat
  2253 | D:3      | Noticed a hippogriff
  2303 | D:3      | Killed a hippogriff
  2303 | D:3      | Reached skill level 5 in Unarmed Combat
  2303 | D:3      | Reached XP level 4. HP: 15/40 MP: 1/7
  2303 | D:3      | Reached XP level 5. HP: 17/46 MP: 1/8
  2701 | D:3      | Reached XP level 6. HP: 34/52 MP: 4/9
  2935 | D:3      | Found a faded altar of an unknown god.
  3115 | D:3      | Learned a level 5 spell: Blade Hands
  3309 | D:3      | Found a sparkling altar of Nemelex Xobeh.
  3309 | D:3      | Found a hide-covered altar of Uskayaw.
  3310 | D:3      | Found an opulent altar of Gozag.
  3526 | D:3      | Became a worshipper of Gozag Ym Sagoz the Greedy
  3570 | D:4      | Reached skill level 6 in Unarmed Combat
  3984 | D:4      | Got an ichor-stained rapier {distort}
  3985 | D:4      | Identified the +12 rapier "Esemm" {distort, *Drain Fragile rElec Str+7} (You took it off an orc on level 4 of the Dungeon)
  4227 | D:4      | Your scales start taking on a pale cyan-grey colour.
  4227 | D:4      | Reached XP level 7. HP: 53/60 MP: 10/10
  4535 | D:4      | Found Rioqyran's Food Shop.
  4796 | D:5      | Entered Level 5 of the Dungeon
  4796 | D:5      | Found a white marble altar of Elyvilon.
  4799 | D:5      | Found a glowing golden altar of the Shining One.
  4842 | D:5      | Reached skill level 1 in Short Blades
  4927 | D:5      | Reached skill level 5 in Fighting
  5142 | D:5      | Reached skill level 7 in Unarmed Combat
  5142 | D:5      | Reached XP level 8. HP: 68/68 MP: 11/11
  5778 | D:6      | Noticed a hippogriff
  5783 | D:6      | Killed a hippogriff
  6628 | D:7      | Found a shimmering altar of Xom.
  6812 | D:7      | Found a stormy altar of Qazlal.
  6911 | D:7      | Noticed a troll
  7102 | D:7      | Killed a troll
  7102 | D:7      | Reached skill level 8 in Unarmed Combat
  7102 | D:7      | Reached skill level 5 in Transmutations
  7102 | D:7      | Reached XP level 9. HP: 57/75 MP: 12/12
  7250 | D:7      | HP: 1/78 [centaur/arrow (6)]
  7251 | D:7      | Found Mytyl's Gadget Shoppe.
  7251 | D:7      | Shot with an arrow by a centaur

Skill      XL: |  1  2  3  4  5  6  7  8 |
---------------+-------------------------+-----
Fighting       | 2 3 4 5 6 |  6.4
Unarmed Combat | 5 6 7 8 |  8.1
Dodging        | 2 3 4 |  4.5
Transmutations | 3 5 |  5.4
Short Blades   | 1 3 |  3.4
Spellcasting   | |  2.0

Action                   |  1- 3 |  4- 6 |  7- 9 || total
-------------------------+-------+-------+-------++-------
Melee: Unarmed           |   148 |   120 |       ||   268
       Kick              |     3 |       |       ||     3
       Headbutt          |     8 |    10 |       ||    18
       Tailslap          |     9 |     8 |    21 ||    38
       Punch             |     1 |     1 |     1 ||     3
       Rapier            |       |     8 |   145 ||   153
 Cast: Beastly Appendage |    27 |    16 |       ||    43
       Spider Form       |     1 |     3 |       ||     4
 Abil: Breathe Steam     |       |       |     1 ||     1
  Use: Scroll            |       |     6 |     4 ||    10
 Stab: Sleeping          |     1 |     1 |     3 ||     5
  Eat: Fruit             |     6 |     2 |     2 ||    10
       Bread ration      |       |     1 |     1 ||     2
       Chunk             |       |     1 |       ||     1
       Meat ration       |       |       |     1 ||     1
Armor: Skin              |    71 |    37 |    48 ||   156
Dodge: Dodged            |   109 |    74 |   110 ||   293
